 Dungeon Crawl Stone Soup version 0.29.1-1-gd02db6906a (webtiles) character file.

Game seed: 1666039172717360825

597 Doomgape the Insei (level 7, 0/43 HPs)
             Began as an Octopode Transmuter on Sept 17, 2022.
             Was an Initiate of Gozag.
             Slain by a scorpion (6 damage)
             ... on level 5 of the Dungeon.
             The game lasted 00:11:36 (3516 turns).

Doomgape the Insei (Octopode Transmuter)            Turns: 3516, Time: 00:11:37

Health: 0/43       AC:  1    Str: 11    XL:     7   Next: 40%
Magic:  9/10       EV: 13    Int: 15    God:    Gozag
Gold:   230        SH:  0    Dex: 13    Spells: 5/10 levels left

rFire   . . .      SeeInvis .     - Unarmed
rCold   . . .      Faith    .   (no shield)
rNeg    . . .      Spirit   .   (helmet currently unavailable)
rPois   .          Reflect  .   l - amulet of regeneration
rElec   .          Harm     .   q - ring of willpower
rCorr   .          Rampage  .   (no ring)
Will    +....                   (no ring)
Stlth   ++........              (no ring)
HPRegen 0.94/turn               (no ring)
MPRegen 0.12/turn               (no ring)
                                (no ring)
                                (no ring)

@: lethally poisoned (0 -> -3), appendages
A: tentacle spike 3, almost no armour, amphibious, 8 rings, camouflage 1,
gelatinous body 1, (nimble swimmer 1), tentacles
a: End Transformation, Renounce Religion, Potion Petition, Call Merchant, Bribe
Branch


You were on level 5 of the Dungeon.
You worshipped Gozag.
Gozag was aware of your devotion.
One of your tentacles had grown a beastly spike.
You visited 2 branches of the dungeon, and saw 6 of its levels.

You collected 271 gold pieces.
You paid 41 gold pieces to Gozag.

Inventory:

Jewellery
 l - an amulet of regeneration (around mantle)
 q - a ring of willpower (left tentacle)
Wands
 h - a wand of flame (15)
Scrolls
 e - 2 scrolls of identify
 k - 2 scrolls of enchant armour
 p - a scroll of summoning
 r - a scroll of enchant weapon
Potions
 a - a potion of lignification
 c - a potion of heal wounds {unknown}
 d - a potion of mutation {unknown}
 f - a potion of berserk rage {unknown}
 g - a potion of degeneration {unknown}
 i - a potion of attraction {unknown}
 j - a potion of brilliance {unknown}
 m - 2 potions of cancellation {unknown}
 n - a potion of invisibility {unknown}
 o - a potion of ambrosia {unknown}


   Skills:
 - Level 1.0 Fighting
 - Level 2.0 Dodging
 - Level 6.2 Unarmed Combat
 + Level 2.0 Spellcasting
 + Level 5.8 Transmutations


You had 5 spell levels left.
You knew the following spells:

 Your Spells              Type           Power      Damage    Failure   Level
a - Beastly Appendage     Tmut           36%        N/A       1%          1
b - Ice Form              Ice/Tmut       10%        N/A       56%         4

Your spell library contained the following spells:

 Spells                   Type           Power      Damage    Failure   Level
 Wereblood                Tmut           18%        N/A       3%          2
 Spider Form              Tmut/Pois      10%        N/A       21%         3
 Dispel Undead            Necr           1%         3d6       91%         4
 Death Channel            Necr           0%         N/A       100%        6
 Corpse Rot               Necr/Pois/Air  Unusable   N/A       N/A         4

Dungeon Overview and Level Annotations

Branches:
Dungeon (5/15)             Temple (1/1) D:4

Altars:
Ashenzari
Dithmenos
Gozag
Hepliaklqana
Kikubaaqudgha
Makhleb
Nemelex Xobeh
Okawaru
Qazlal
Trog
Vehumet
Wu Jian
Yredelemnul
Zin

Annotations:
D:3 1 runed translucent door, KamiKatze's ghost, amateur OpCj


Innate Abilities, Weirdness & Mutations

One of your tentacles has grown a beastly spike.
You cannot wear most types of armour.
You are amphibious.
You can wear up to eight rings at the same time.
Your skin changes colour to match your surroundings (Stealth+).
Your rubbery body absorbs attacks. (AC +1, EV +1)
((You are camouflaged when in or above water. (Stealth+)))
You have tentacles for arms and can constrict up to eight enemies at once.


Message History

A black bear is nearby!
A black bear is nearby!
A black bear is nearby!
Okay, then.
You start resting.
HP restored.
Casting: Beastly Appendage (safe; 1% risk of failure)
Confirm with . or Enter, or press ? or * to list all spells.
Okay, then.
Aiming: Throw Flame
Press: ? - help, Shift-Dir - straight line, f - black bear
Aim: a black bear (wandering, hasn't noticed you, 77% to hit)
The puff of flame misses the black bear.
Casting: Beastly Appendage (safe; 1% risk of failure)
Confirm with . or Enter, or press ? or * to list all spells.
One of your tentacles grows a vicious spike.
There is a stone staircase leading down, spattered with blood here.
You climb downwards.
The killer bee stings you.
You are poisoned.
The killer bee poisons you! The killer bee stings you! x2
The killer bee closely misses you. The killer bee misses you.
The killer bee stings you! The killer bee barely misses you.
The killer bee stings you.
* * * LOW HITPOINT WARNING * * *
The scorpion closely misses you. x2; The killer bee stings you.
* * * LOW HITPOINT WARNING * * *
You are lethally poisoned!
The killer bee poisons you! The killer bee barely misses you. x3
There is a stone staircase leading up, spattered with blood here.
Unknown command.
Unknown command.
Okay, then.
You feel better. The killer bee closely misses you. The killer bee stings you.
You are poisoned.
The killer bee poisons you! The killer bee misses you.
The killer bee stings you!
* * * LOW HITPOINT WARNING * * *
The scorpion stings you.
You die...
Your body crumbles into a pile of gold.

.......
#!....#
#.....+ .
#.>...###..
#..........
#.....y..
#.yyy>#####
#.s@y......
#.y...#####
...........
..############


You could see a scorpion and 6 killer bees.

Vanquished Creatures
  Eustachio (D:4)
  3 scorpions (D:4)
  A jelly (D:4)
  3 iguanas
  5 adders
  A worm (D:3)
  2 dart slugs
  3 orcs
  8 bats
  6 endoplasms
  4 giant cockroaches
  6 goblins
  11 hobgoblins
  7 jackals
  3 quokkas
  8 ball pythons
  2 frilled lizards (D:1)
  7 kobolds
  2 rats (D:1)
83 creatures vanquished.

Vanquished Creatures (collateral kills)
  An iguana (D:4)
  An orc (D:4)
2 creatures vanquished.

Vanquished Creatures (others)
  2 withered plants (D:3)
2 creatures vanquished.

Grand Total: 87 creatures vanquished

Notes
Turn   | Place    | Note
-------+----------+-------------------------------------------
     0 | D:1      | Doomgape the Octopode Transmuter began the quest for the
                  | Orb.
     0 | D:1      | Reached XP level 1. HP: 13/13 MP: 3/3
    47 | D:1      | Reached XP level 2. HP: 9/18 MP: 5/5
   452 | D:1      | Reached XP level 3. HP: 7/23 MP: 4/6
   770 | D:1      | Found a faded altar of an unknown god.
  1882 | D:3      | Reached skill level 4 in Unarmed Combat
  1882 | D:3      | Reached XP level 4. HP: 7/28 MP: 5/7
  1991 | D:3      | Found an iron altar of Okawaru.
  2094 | D:3      | Found a runed translucent door.
  2102 | D:3      | Noticed KamiKatze's ghost (amateur OpCj)
  2404 | D:3      | Found a stormy altar of Qazlal.
  2482 | D:4      | Noticed a scorpion
  2536 | D:3      | Reached XP level 5. HP: 33/33 MP: 6/8
  2666 | D:4      | Noticed a black bear
  2678 | D:4      | Found a staircase to the Ecumenical Temple.
  2693 | Temple   | Entered the Ecumenical Temple
  2754 | Temple   | Became a worshipper of Gozag Ym Sagoz the Greedy
  2925 | D:4      | Reached skill level 5 in Unarmed Combat
  2925 | D:4      | Reached XP level 6. HP: 28/38 MP: 7/9
  3033 | D:4      | Learned a level 4 spell: Ice Form
  3376 | D:5      | Entered Level 5 of the Dungeon
  3376 | D:5      | Noticed Eustachio
  3388 | D:4      | Killed Eustachio
  3389 | D:4      | Reached skill level 5 in Transmutations
  3389 | D:4      | Reached XP level 7. HP: 41/43 MP: 10/10
  3425 | D:4      | Reached skill level 6 in Unarmed Combat
  3516 | D:5      | Slain by a scorpion

Illustrated notes

Levels and vault maps discovered:
D:1:      minmay_arrival_arboretum_small, layout_rooms,
          hellmonk_ecumenical_altar_prayer_group, corexii_leaking_fountain
D:2:      layout_loops_ring
D:3:      layout_rooms, lemuel_tele_altar, kennysheep_okawaru_gauntlet,
          gammafunk_ghost_grave, minivault_4
D:4:      layout_gridville, minmay_temple_entry_water_ring
D:5:      layout_basic, uniq_sigmund, uniq_duvessa, uniq_edmund, uniq_eustachio
Temple:   bh_familiar_temple

Skill      XL: |  1  2  3  4  5  6  7 |
---------------+----------------------+-----
Transmutations | 3 4 5 |  5.8
Unarmed Combat | 4 5 6 |  6.2
Fighting       | |  1.0
Dodging        | |  2.0
Spellcasting   | |  2.0

Action                   |  1- 3 |  4- 6 |  7- 9 || total
-------------------------+-------+-------+-------++-------
Melee: Unarmed           |    90 |    75 |     8 ||   173
       Constrict         |    15 |    25 |     2 ||    42
       Kick              |    15 |    25 |     6 ||    46
       Tentacles         |     9 |    20 |     3 ||    32
       Punch             |     2 |     5 |       ||     7
 Cast: Beastly Appendage |    24 |    21 |     2 ||    47
Evoke: Wand              |       |     3 |     1 ||     4
  Use: Scroll            |     2 |     7 |       ||     9
       Potion            |       |     3 |     1 ||     4
 Stab: Sleeping          |     7 |     3 |       ||    10
Armor: Skin              |    10 |     3 |       ||    13
Dodge: Dodged            |    53 |    47 |    18 ||   118
